 Dungeon Crawl Stone Soup version 0.23.0 (webtiles) character file.

Game seed: 16843104312950209700

176 Mgcat the Covered (level 5, -2/43 HPs)
             Began as a Barachi Fighter on Feb 14, 2019.
             Slain by a gnoll
             ... wielding a +0 halberd
              (11 damage)
             ... on level 2 of the Dungeon.
             The game lasted 00:04:57 (2396 turns).

Mgcat the Covered (Barachi Fighter)                 Turns: 2396, Time: 00:04:57

Health: -2/43      AC:  7    Str: 18    XL:     5   Next: 56%
Magic:  5/5        EV:  7    Int:  9    God:
Gold:   172        SH:  9    Dex: 14    Spells: 4/4 levels left

rFire    . . .     SeeInvis .   a - +0 war axe
rCold    . . .     Gourm    .   c - +0 shield
rNeg     . . .     Faith    .   b - +0 scale mail
rPois    .         Spirit   .   (no helmet)
rElec    .         Reflect  .   (no cloak)
rCorr    +         Harm     .   (no gloves)
MR       .....                  (no boots)
Stlth    ..........             (no amulet)
HPRegen  0.14/turn              v - ring of resist corrosion
MPRegen  0.09/turn              l - +3 ring of dexterity

@: slow
A: +LOS, swims, slowness 1, strong legs 1
a: Hop


You were on level 2 of the Dungeon.
You were not hungry.

You visited 1 branch of the dungeon, and saw 3 of its levels.

You collected 172 gold pieces.

Inventory:

Hand Weapons
 a - a +0 war axe (weapon)
Armour
 b - a +0 scale mail (worn)
 c - a +0 shield (worn)
 g - a +0 cloak
   (You found it on level 2 of the Dungeon)
Jewellery
 l - a +3 ring of dexterity (right hand)
   (You found it on level 1 of the Dungeon)
 v - a ring of resist corrosion (left hand)
   (You found it on level 3 of the Dungeon)
Scrolls
 j - a scroll of enchant armour {unknown}
 k - 3 scrolls of identify {unknown}
 q - a scroll of fear {unknown}
 u - a scroll of noise {unknown}
Potions
 d - a potion of might
 e - a potion of curing {unknown}
 h - a potion of resistance {unknown}
 n - a potion of heal wounds {unknown}
 r - a potion of flight {unknown}
Comestibles
 f - 7 rations
 t - 6 chunks of flesh {@w0}


   Skills:
 + Level 4.8 Fighting
 + Level 3.6 Axes
 + Level 4.8 Armour
 + Level 4.3 Shields


You had 4 spell levels left.
You didn't know any spells.
Your spell library was empty.

Dungeon Overview and Level Annotations

Branches:
Dungeon (3/15)

Altars:
Dithmenos
Kikubaaqudgha
Nemelex Xobeh


Innate Abilities, Weirdness & Mutations

Shadows flee at your approach. (+LOS)
You can swim through water.
You cover ground slowly.
You can hop short distances.


Message History

No target in view!
You butcher the gnoll corpse.
t - 6 chunks of flesh {@w0} (gained 2)
Things that are here:
a +0 club x2; a gnoll skeleton
Things that are here:
a +0 club x2; a gnoll skeleton You see here a +0 spear.
You now have 162 gold pieces (gained 9).
Key pressed, stopping explore.
You open the large door.
A frilled lizard comes into view.
The frilled lizard hisses angrily.
A frilled lizard is nearby!
A frilled lizard is nearby!
There is a large open door here.
There is a large open door here.
You slash the frilled lizard!
You kill the frilled lizard!
No target in view!
No target in view!
No target in view!
u - a scroll labeled BATUQA MUAKKO Key pressed, stopping explore.
You now have 172 gold pieces (gained 10).
v - a small agate ring Put on which piece of jewellery? (? for menu, Esc to quit)
You remove your +3 ring of dexterity.
You feel clumsy.
v - a ring of resist corrosion (left hand)
As you read the scroll labeled WOONADGHEBE, it crumbles to dust.
You hear snatches of song.
It was a scroll of random uselessness.
As you read the scroll labeled MOERE MIEKH, it crumbles to dust.
You feel strangely unstable.
It was a scroll of teleportation.
As you read the scroll labeled ECUSOC ZEN, it crumbles to dust.
It is a scroll of amnesia.
You feel forgetful for a moment.
As you read the scroll labeled MINUVE COMUUMN, it crumbles to dust.
The scroll dissolves into smoke.
It was a scroll of fog.
As you read the scroll labeled ISKICRI DEIS, it crumbles to dust.
You feel as if something is helping you.
It was a scroll of remove curse.
Your surroundings suddenly seem different.
Okay, then.
Drop what? 17/52 slots (_ for help) (? for menu, Esc to quit)
You remove your ring of attention.
You drop an uncursed ring of attention.
Put on which piece of jewellery? (? for menu, Esc to quit)
You feel agile.
l - a +3 ring of dexterity (right hand)
There is a stone staircase leading down here.
e - a puce potion
There is an escape hatch in the ceiling here.
A mysterious force pulls you upwards. The hatch slams shut behind you.
The gnoll shouts!
Warning x2: The gnoll can hit for moderate damage in melee, and throws nets! x2
(D) Dungeon
Where to? (Enter - D:3 @ (x,y), ? - help)
What level of the Dungeon? (default 1, ? - help)
There are monsters nearby!
Unknown command.
Unknown command.
Warning x2: The gnoll can hit for moderate damage in melee, and throws nets! x2
The gnoll shouts!
Warning x3: The gnoll can hit for moderate damage in melee, and throws nets! x3
The gnoll hits you from afar with a +0 halberd!
You take 11 damage, and have 32/43 hp.
MASSIVE DAMAGE!!
The gnoll hits you but does no damage. The gnoll hits you but does no damage.
You barely miss the gnoll. You block the gnoll's attack. x3
You hit the gnoll.
The gnoll is heavily wounded.
The gnoll hits you but does no damage. You block the gnoll's attack.
Warning x3: The gnoll can hit for moderate damage in melee, and throws nets! x3
You barely miss the gnoll.
The gnoll is heavily wounded.
The gnoll hits you with a +0 spear! The gnoll barely misses you.
You block the gnoll's attack.
You take 8 damage, and have 26/43 hp.
You hit the gnoll.
The gnoll is almost dead.
The gnoll hits you from afar with a +0 halberd.
The gnoll closely misses you.
You take 5 damage, and have 21/43 hp.
Warning x3: The gnoll can hit for moderate damage in melee, and throws nets! x3
You barely miss the gnoll.
The gnoll is almost dead.
You block the gnoll's attack. x2
You slash the gnoll!
You kill the gnoll!
The gnoll hits you from afar with a +0 halberd!
* * * LOW HITPOINT WARNING * * *
You block the gnoll's attack.
You take 12 damage, and have 9/43 hp.
MASSIVE DAMAGE!!
Warning x2: The gnoll can hit for moderate damage in melee, and throws nets! x2
The gnoll barely misses you.
There is an escape hatch in the floor here.
The gnoll hits you from afar with a +0 halberd!
You die...

#####...............#### #.##
.......................# #..#
................)..###+###..#
........................(#..#
.........................#..#
..........(..............##.#
...........g.............##.#
............###..###'#...##.##
............###g@# #.###.##..#
###..........)g..###.....##.>#
#..........###..(.########.#
#..........# ####.########.#
#..........# #.##.......#
##########.#
####.##.########## #.#
#................. #.#
#.###...#########. #.###.#
#...# #.


You could see 2 gnolls.

Vanquished Creatures
  5 gnolls
  5 adders
  An ooze (D:2)
  8 worms
  2 dart slugs (D:2)
  A leopard gecko (D:1)
  2 orcs (D:3)
  2 giant cockroaches (D:2)
  4 goblins
  7 hobgoblins
  A jackal (D:3)
  2 kobolds (D:2)
  4 bats
  7 frilled lizards
  10 rats
61 creatures vanquished.

Notes
Turn   | Place    | Note
-------+----------+-------------------------------------------
     0 | D:1      | Mgcat the Barachi Fighter began the quest for the Orb.
     0 | D:1      | Reached XP level 1. HP: 18/18 MP: 1/1
   181 | D:1      | Reached XP level 2. HP: 19/25 MP: 2/2
   484 | D:1      | HP: 6/25 [adder (2)]
   489 | D:1      | Reached skill level 4 in Fighting
   489 | D:1      | Reached skill level 4 in Armour
   489 | D:1      | Reached XP level 3. HP: 6/30 MP: 3/3
   489 | D:1      | HP: 5/30 [poisoned by an adder]
  1376 | D:2      | Reached skill level 3 in Axes
  1376 | D:2      | Reached XP level 4. HP: 26/37 MP: 4/4
  1738 | D:2      | Found a shadowy altar of Dithmenos.
  1903 | D:3      | Reached skill level 4 in Shields
  2235 | D:3      | Found an ancient bone altar of Kikubaaqudgha.
  2235 | D:3      | Found a sparkling altar of Nemelex Xobeh.
  2247 | D:3      | Reached XP level 5. HP: 40/43 MP: 5/5
  2393 | D:2      | HP: 9/43 [gnoll/+0 halberd (13)]
  2396 | D:2      | Slain by a gnoll

Skill      XL: |  1  2  3  4 |
---------------+-------------+-----
Fighting       | 4 |  4.8
Armour         | 4 |  4.8
Axes           | 3 |  3.6
Shields        | 4 |  4.3

Action                   |  1- 3 |  4- 6 || total
-------------------------+-------+-------++-------
Melee: War axe           |   141 |    98 ||   239
  Use: Potion            |     3 |       ||     3
       Scroll            |       |     5 ||     5
  Eat: Chunk             |     2 |     4 ||     6
Armor: Scale mail        |    73 |    33 ||   106
Dodge: Dodged            |    44 |    30 ||    74
Block: Shield            |    71 |    53 ||   124

Levels and vault maps discovered:
D:1:      wander_arrival_lonely_grave, layout_rooms, minmay_3d_cube
D:2:      layout_basic, nicolae_dithmenos_shadow_blocks
D:3:      layout_basic, chequers_temple_overflow_statue_of_worship,
          first_ration, serial_bayou_ford_a, grunt_ministairs_1

Table legend:
 A = Turns spent in this place as a percentage of turns spent in the entire game.
 B = Non-inter-level travel turns spent in this place as a percentage of non-inter-level travel turns spent in the entire game.
 C = Inter-level travel turns spent in this place as a percentage of turns spent in this place.
 D = Turns resting spent in this place as a percentage of non-inter-level travel turns spent in this place.
 E = Turns spent auto-exploring this place as a percentage of non-inter-level travel turns spent in this place.
 F = Non-inter-level travel turns spent in this place divided by the number of levels of this place that you've seen.
                   A       B       C       D       E      F
               +-------+-------+-------+-------+-------+----------------------
         Total | 100.0 | 100.0 |   3.8 |  33.3 |  43.6 | 768.7
       Dungeon | 100.0 | 100.0 |   3.8 |  33.3 |  43.6 | 768.7
               +-------+-------+-------+-------+-------+----------------------

Table legend:
 A = Kills in this place as a percentage of kills in entire the game.
 B = Kills by you in this place as a percentage of kills by you in the entire game.
 C = Kills by friends in this place as a percentage of kills by friends in the entire game.
 D = Other kills in this place as a percentage of other kills in the entire game.
 E = Experience gained in this place as a percentage of experience gained in the entire game.
 F = Experience gained in this place divided by the number of levels of this place that you have seen.
                   A       B       C       D       E      F
               +-------+-------+-------+-------+-------+----------------------
         Total | 100.0 | 100.0 |   N/A |   N/A | 100.0 |  84.0
       Dungeon | 100.0 | 100.0 |   N/A |   N/A | 100.0 |  84.0
               +-------+-------+-------+-------+-------+----------------------
